Map: Corrosion EC

Players

HoldTheDoor

  • Race: Protoss Protoss
  • League: Diamond
  • Spawn Location: 11:00

Therion - Winner!

  • Race: Zerg Zerg
  • League: Platinum
  • Spawn Location: 5:00

VOD

Have the link to the VOD?

Description

Time

  • Played on: July 15, 2018, 12:12 p.m.
  • Length: 9:52
Show
View Real Time Build Order
Export as new Build Order

HoldTheDoor Protoss 

Build Orders: Oracle Opening 

Get SALT Encoding   

  12  0:00  Probe  
  13  0:13  Probe  
  14  0:20  Pylon  
  14  0:25  Probe  
  15  0:37  Probe  
  15  0:41  Gateway  
  16  0:45  Assimilator, Probe  
  17  0:53  Probe  
  17  0:59  Assimilator  
  18  1:10  Probe  
  19  1:22  Probe  
  20  1:28  Cybernetics Core  
  20  1:31  Probe  
  20  1:38  Pylon  
  20  1:39  Probe  
  22  1:48  Probe  
  23  2:00  Probe  
  24  2:03  Gateway  
  24  2:05  Adept  
  24  2:06  Warp Gate  
  26  2:12  Probe  
  27  2:21  Stargate  
  27  2:24  Probe  
  28  2:32  Zealot  
  30  2:37  Probe  
  30  2:49  Probe  
  31  2:58  Nexus  
  31  3:09  Pylon  
  31  3:18  Oracle  
  31  3:27  Probe, Zealot  
  37  3:38  Pylon  
  37  3:39  Probe  
  38  3:45  Stargate  
  38  3:47  Probe  
  38  3:49  Assimilator  
  38  3:51  Protoss Air Weapons Level 1  
  38  3:55  Probe  
  39  3:56  Oracle  
  43  4:05  Probe  
  44  4:10  Probe  
  45  4:17  Probe  
  45  4:22  Probe  
  47  4:30  Probe  
  48  4:35  Oracle  
  48  4:42  Oracle  
  48  4:44  Probe  
  48  4:45  Probe  
  56  4:47  Assimilator  
  56  4:51  Zealot, Pylon  
  56  4:52  Zealot  
  60  4:57  Probe  
  60  4:58  Twilight Council, Probe  
  62  5:05  Oracle  
  62  5:09  Probe  
  62  5:11  Probe  
  62  5:13  Pylon  
  64  5:17  Pylon  
  67  5:25  Probe x2  
  69  5:30  Pylon  
  69  5:32  Protoss Air Armor Level 1  
  69  5:37  Probe x2  
  68  6:04  Oracle x2  
  74  6:07  Zealot x2  
  74  6:09  Charge  
  78  6:13  Gateway  
  78  6:16  Gateway  
  78  6:17  Probe x2  
  80  6:18  Gateway  
  80  6:20  Gateway  
  80  6:38  Zealot x2  
  84  6:44  Pylon  
  84  6:46  Oracle x2  
  90  6:58  Zealot x2  
  94  7:02  Pylon  
  94  7:17  Pylon  
  94  7:19  Zealot x4  
  94  7:20  Pylon  
  102  7:23  Pylon  
  93  7:46  Zealot x5  
  93  7:47  Zealot  
  96  7:54  Nexus  
  96  7:57  Pylon  
  96  8:00  Pylon, Oracle x2  
  102  8:07  Zealot x3  
  108  8:20  Zealot x3  
  114  8:28  Assimilator  
  114  8:37  Oracle x2  
Show
View Real Time Build Order
Export as new Build Order

Therion Zerg - Winner!

Build Orders: Hatch First 

Get SALT Encoding   

  12  0:01  Drone  
  13  0:13  Overlord  
  13  0:17  Drone  
  14  0:32  Drone x2  
  14  0:35  Drone  
  17  0:54  Hatchery  
  17  0:55  Drone  
  17  1:06  Drone  
  17  1:09  Extractor  
  17  1:15  Spawning Pool  
  16  1:22  Drone x2  
  18  1:29  Drone  
  19  1:40  Overlord  
  19  1:50  Drone  
  20  2:13  Zergling x6  
  23  2:17  Hatchery  
  23  2:20  Metabolic Boost  
  23  2:22  Drone x2  
  24  2:29  Queen  
  26  2:42  Queen  
  28  2:49  Drone  
  28  2:50  Drone  
  30  2:53  Drone x2  
  30  2:56  Drone  
  33  3:00  Overlord  
  33  3:10  Spore Crawler  
  32  3:13  Spore Crawler  
  30  3:36  Lair  
  30  3:37  Drone x4  
  30  3:38  Drone x2  
  30  3:40  Queen  
  38  3:57  Queen  
  38  3:59  Drone x4, Spore Crawler  
  43  4:04  Drone  
  43  4:05  Drone  
  45  4:19  Extractor, Drone x3  
  45  4:20  Overlord x2  
  47  4:27  Drone x3  
  47  4:31  Extractor  
  48  4:33  Extractor  
  47  4:40  Hydralisk Den, Drone  
  47  4:41  Drone x2  
  47  4:42  Drone  
  47  4:43  Drone x2  
  47  4:44  Drone  
  47  4:45  Drone  
  54  4:58  Drone x3  
  54  4:59  Drone  
  58  5:06  Evolution Chamber  
  57  5:09  Baneling Nest  
  57  5:12  Muscular Augments  
  57  5:13  Hydralisk x3  
  62  5:25  Drone x4  
  62  5:27  Overlord x2  
  66  5:30  Overlord  
  66  5:34  Zerg Missile Weapons Level 1  
  64  5:52  Drone  
  64  5:53  Hydralisk x6  
  76  6:02  Queen  
  75  6:12  Spore Crawler  
  75  6:15  Hydralisk x4  
  75  6:16  Hydralisk, Spore Crawler  
  83  6:27  Extractor  
  83  6:29  Extractor  
  83  6:30  Grooved Spines  
  81  6:37  Overlord x3  
  81  6:49  Zergling x14  
  81  6:50  Hydralisk  
  81  6:53  Overlord x3  
  90  6:57  Drone x3  
  93  7:06  Queen  
  95  7:19  Baneling x3  
  95  7:20  Baneling, Centrifical Hooks  
  95  7:25  Hydralisk x2  
  95  7:28  Zerg Ground Armor Level 1  
  96  7:49  Hydralisk x6  
  108  7:55  Queen x2  
  108  7:57  Drone  
  113  7:59  Drone x2  
  115  8:09  Zergling x2  
  111  8:26  Zergling x14  
  111  8:27  Zergling x4  
  115  8:35  Spine Crawler  
  115  8:39  Zergling x14  
  121  8:57  Zergling x2  
  121  8:58  Zergling x8  
  126  9:07  Drone x3  
  125  9:23  Hatchery  
Tags
 
Add a new tag
Caveats
  • Supply blocks, unpowered buildings, or Contaminate may cause inaccurate times.
  • Supply counts are checked every 10 seconds.